[Event "Early-Titled-Tuesday-Blitz-November-28-2023"]
[Site "Chess.com"]
[Date "2023.11.28"]
[Round "1"]
[White "Ducke13"]
[Black "IM_ArthurDW08"]
[Result "1/2-1/2"]
[WhiteElo "2445"]
[BlackElo "2774"]
[TimeControl "180+1"]
[EndTime "8:10:20 PST"]
[Termination "Game drawn by 50-move rule"]

1. d4 Nf6 2. g3 g6 3. Bg2 Bg7 4. e4 O-O 5. Ne2 d6 6. O-O Nbd7 7. Nbc3 e5 8. h3 exd4 9. Nxd4 Nc5 10.
Bf4 Re8 11. Re1 Bd7 12. a4 Qc8 13. Kh2 Ne6 14. Nxe6 Bxe6 15. Qd2 Nd7 16. a5 Ne5 17. b3 Bxh3 18. Bxh3 Nf3+ 19. Kg2 Nxd2 20. Bxc8 Bxc3 21.
Bxb7 Rab8 22. Bc6 Bxa1 23. Rxa1 Nxe4 24. Bxe8 Rxe8 25. a6 Kf8 26. Re1 f6 27. b4 Nc3 28.
Rh1 h5 29. Be3 Ra8 30. Bd4 Nd5 31. b5 Kf7 32. c4 Ne7 33. Rc1 c6 34. c5 Nf5 35.
cxd6 Nxd4 36. bxc6 Ke6 37. Rc4 Nb5 38. d7 Kd6 39.
Rf4 f5 40. Rc4 Kc7 41. f3 Nd6 42. Rc5 Nf7 43. g4 Nd8 44. gxh5 gxh5 45. Rxf5 Nxc6 46.
Rxh5 Kxd7 47. Rh7+ Kd6 48. f4 Kc5 49. Kg3 Nb4 50.
Rb7 Nxa6 51. f5 Nb4 52. f6 Nd5 53. f7 a5 54. Ra7 Rf8 55. Rxa5+ Kd6 56. Ra7 Ne7 57.
Ra6+ Ke5 58. Ra5+ Kf6 59. Ra4 Rxf7 60. Rf4+ Nf5+ 61. Kg4 Rg7+ 62. Kf3 Rg3+ 63. Ke4 Re3+ 64. Kd5 Kg5 65. Ra4 Rd3+ 66. Ke5 Rd8 67. Ra1 Re8+ 68.
Kd5 Ne3+ 69. Kd6 Kf4 70. Kd7 Rh8 71. Ra4+ Ke5 72. Ra1 Nd5 73. Re1+ Kd4 74. Rd1+ Kc4 75. Rc1+ Nc3 76. Ke7 Rh3 77. Kf7 Re3 78. Kf6 Kd4 79.
Kf7 Rf3+ 80. Kg7 Nd5 81. Rd1+ Ke5 82. Rh1 Ne7 83. Rh5+ Nf5+ 84. Kg6 Rg3+ 85. Kf7 Rg7+ 86. Kf8 Ra7 87. Rh1 Kf6 88. Re1 Rh7 89. Ke8 Ra7 90. Kd8 Nd4 91. Kc8 Ne6 92. Kb8 Rh7 93. Re2 Nc5 94.
Re1 Nd7+ 95. Kc7 Ne5+ 96. Kd6 Rd7+ 97. Kc5 Nd3+ 98. Kc6 Rh7 99. Re3 Ne5+ 100. Kd5 Rd7+ 101. Kc5 Ke6 102. Re1 Rd5+ 103. Kb6 Kd6 104. Rh1 Nc4+ 105. Kb7 Rb5+ 106. Ka6 Rb2 107. Rh6+ Kc5 108. Rh5+ Kc6 109. Rh6+ Nd6 1/2-1/2

[Event "Early-Titled-Tuesday-Blitz-November-28-2023"]
[Site "Chess.com"]
[Date "2023.11.28"]
[Round "2"]
[White "Ducke13"]
[Black "Gabrielian_Artur"]
[Result "0-1"]
[WhiteElo "2443"]
[BlackElo "2765"]
[TimeControl "180+1"]
[EndTime "8:11:28 PST"]
[Termination "Gabrielian_Artur won by resignation"]

1. d4 Nf6 2. g3 g6 3. Bg2 d5 4.
c4 dxc4 5. Nf3 Bg7 6. O-O c6 7. a4 O-O 8. Na3 Be6 9. Ng5 Bd5 10. e4 h6 11. exd5 hxg5 12. dxc6 Nxc6 0-1

[Event "Early-Titled-Tuesday-Blitz-November-28-2023"]
[Site "Chess.com"]
[Date "2023.11.28"]
[Round "2"]
[White "TheoSlade"]
[Black "Goi_Manne"]
[Result "1-0"]
[WhiteElo "2506"]
[BlackElo "2273"]
[TimeControl "180+1"]
[EndTime "8:11:36 PST"]
[Termination "TheoSlade won by resignation"]

1. d4 d5 2. c4 c6 3. cxd5 cxd5 4.
Bf4 Nf6 5. e3 Nc6 6. Nc3 Bf5 7.
Qb3 Qd7 8. Nf3 e6 9. Ne5 Nxe5 10. dxe5 Ne4 11. Bb5 1-0

[Event "Early-Titled-Tuesday-Blitz-November-28-2023"]
[Site "Chess.com"]
[Date "2023.11.28"]
[Round "2"]
[White "Road2GM3000"]
[Black "LeoWin2012"]
[Result "1-0"]
[WhiteElo "2503"]
[BlackElo "2264"]
[TimeControl "180+1"]
[EndTime "8:11:53 PST"]
[Termination "Road2GM3000 won by resignation"]

1. d4 Nf6 2. c4 g6 3. Nc3 Bg7 4. e4 d6 5. f4 O-O 6. Nf3 c5 7. d5 Nbd7 8. Bd3 e5 9. fxe5 Nxe5 10.
Nxe5 dxe5 11. O-O Re8 12. Bg5 a6 13. Qf3 Bg4 14. Bxf6 Bxf3 15. Bxd8 Bxg2 16. Kxg2 Raxd8 1-0

[Event "Early-Titled-Tuesday-Blitz-November-28-2023"]
[Site "Chess.com"]
[Date "2023.11.28"]
[Round "2"]
[White "semchik73"]
[Black "Kildepiotr"]
[Result "0-1"]
[WhiteElo "2386"]
[BlackElo "2709"]
[TimeControl "180+1"]
[EndTime "8:12:32 PST"]
[Termination "Kildepiotr won by resignation"]

1. Nf3 g6 2. c4 Bg7 3. d4 d6 4.
Nc3 Nd7 5. e3 e5 6. Be2 Ngf6 7. b3 O-O 8. Bb2 Qe7 9. O-O c6 10.
Qc2 e4 11. Nd2 Re8 12. d5 c5 13. Rae1 Nf8 14. f3 exf3 15. Bxf3 Ng4 16. e4 Nxh2 17. Kxh2 Qh4+ 18. Kg1 Bd4+ 0-1

[Event "Early-Titled-Tuesday-Blitz-November-28-2023"]
[Site "Chess.com"]
[Date "2023.11.28"]
[Round "2"]
[White "Aisen1011"]
[Black "akanga001"]
[Result "1-0"]
[WhiteElo "2429"]
[BlackElo "2012"]
[TimeControl "180+1"]
[EndTime "8:12:34 PST"]
[Termination "Aisen1011 won by resignation"]

1. d4 d5 2. c4 e6 3. Nf3 Nf6 4. g3 Be7 5. Bg2 O-O 6. O-O dxc4 7. Ne5 c5 8. dxc5 Bxc5 9. Nxc4 Nc6 10. Nc3 a6 11. Bf4 Qe7 12. Bd6 Bxd6 13. Qxd6 Rd8 14. Qxe7 Nxe7 15. Rfd1 Ned5 16. Nb6 Rb8 17. e4 1-0

[Event "Early-Titled-Tuesday-Blitz-November-28-2023"]
[Site "Chess.com"]
[Date "2023.11.28"]
[Round "2"]
[White "Kostya0705"]
[Black "JSPrepz"]
[Result "0-1"]
[WhiteElo "2545"]
[BlackElo "2836"]
[TimeControl "180+1"]
[EndTime "8:13:06 PST"]
[Termination "JSPrepz won by resignation"]

1. e4 e5 2. Nf3 Nc6 3. Bc4 Nf6 4. d4 exd4 5. e5 d5 6. Bb5 Ne4 7. Nxd4 Bc5 8. O-O O-O 9. Bxc6 bxc6 10. Be3 Qe8 11. f3 Nd6 12. f4 Nc4 13. Bc1 f6 14.
Re1 fxe5 15. fxe5 Nxe5 16. Be3 Nc4 17. Bc1 Bxd4+ 0-1

[Event "Early-Titled-Tuesday-Blitz-November-28-2023"]
[Site "Chess.com"]
[Date "2023.11.28"]
[Round "2"]
[White "juniortay"]
[Black "DarZay"]
[Result "1-0"]
[WhiteElo "2498"]
[BlackElo "2229"]
[TimeControl "180+1"]
[EndTime "8:13:09 PST"]
[Termination "juniortay won by resignation"]

1. e4 c5 2. Nf3 Nc6 3. b4 Nxb4 4. c3 Nc6 5. d4 cxd4 6. cxd4 d5 7.
exd5 Qxd5 8. Nc3 Qa5 9. d5 Qxc3+ 10. Bd2 Qa3 11. dxc6 bxc6 12. Be2 e6 13. O-O Nf6 14. Ne5 Bd7 15. Rb1 Bd6 16. Nc4 Qc5 17.
Be3 Qd5 18. Nxd6+ Ke7 19. Nc4 Rab8 20. Qc2 h5 21. Bf3 1-0

[Event "Early-Titled-Tuesday-Blitz-November-28-2023"]
[Site "Chess.com"]
[Date "2023.11.28"]
[Round "2"]
[White "PattyCastillo"]
[Black "Schattman"]
[Result "1/2-1/2"]
[WhiteElo "2019"]
[BlackElo "2415"]
[TimeControl "180+1"]
[EndTime "8:13:17 PST"]
[Termination "Game drawn by agreement"]

1. d4 Nf6 2. Nf3 d5 3. e3 Bg4 4. Bd3 c6 5. c4 e6 6. Qb3 Qb6 7. Ne5 Bh5 8. c5 Qc7 9. Nc3 Nbd7 10. f4 b6 11. cxb6 axb6 12. O-O Be7 13. Qc2 Bg6 14.
Bxg6 hxg6 15. Nb5 Qc8 1/2-1/2

[Event "Early-Titled-Tuesday-Blitz-November-28-2023"]
[Site "Chess.com"]
[Date "2023.11.28"]
[Round "2"]
[White "seasidesunset"]
[Black "Jamal-Jamal-Jamal"]
[Result "0-1"]
[WhiteElo "2209"]
[BlackElo "2484"]
[TimeControl "180+1"]
[EndTime "8:13:19 PST"]
[Termination "Jamal-Jamal-Jamal won by resignation"]

1. e4 e6 2. Qe2 c5 3. Nf3 Nc6 4. g3 Be7 5. Bg2 d5 6. d3 Nf6 7.
c3 O-O 8. O-O b5 9. Rd1 a5 10.
h4 Ba6 11. Nbd2 b4 12. Nf1 dxe4 13. c4 exf3 0-1

[Event "Early-Titled-Tuesday-Blitz-November-28-2023"]
[Site "Chess.com"]
[Date "2023.11.28"]
[Round "2"]
[White "Amirreza_p"]
[Black "stasOR4ik"]
[Result "1-0"]
[WhiteElo "2739"]
[BlackElo "2512"]
[TimeControl "180+1"]
[EndTime "8:13:20 PST"]
[Termination "Amirreza_p won by resignation"]

1. d4 d5 2. Nf3 Nf6 3. Bf4 c5 4.
e3 e6 5. c3 Nc6 6. Nbd2 Bd6 7.
Bg3 a6 8. Bd3 b5 9. e4 Bxg3 10.
hxg3 cxd4 11. cxd4 h6 12. e5 Nd7 13. Nb3 Bb7 14.
Rc1 Na5 15. O-O O-O 16. Bb1 Nc4 17. Ne1 Nxb2 18. Qc2 g6 19. Qxb2 Nb6 20. Nc5 Nc4 21. Rxc4 dxc4 22. Nxb7 1-0

[Event "Early-Titled-Tuesday-Blitz-November-28-2023"]
[Site "Chess.com"]
[Date "2023.11.28"]
[Round "2"]
[White "AvitalBor"]
[Black "tomesao"]
[Result "1-0"]
[WhiteElo "2841"]
[BlackElo "2490"]
[TimeControl "180+1"]
[EndTime "8:13:58 PST"]
[Termination "AvitalBor won by resignation"]

1. d4 Nf6 2. c4 e6 3. Nc3 Bb4 4. Qc2 O-O 5. a3 Bxc3+ 6. Qxc3 b6 7. Nf3 Bb7 8. e3 d5 9. b4 dxc4 10. Bxc4 Nbd7 11. O-O Rc8 12. Rd1 Qe7 13. Bb2 c5 14.
dxc5 bxc5 15. b5 Nb6 16. a4 Nxc4 17. Qxc4 Bd5 18. Qc3 Qb7 19. Ne5 Bxg2 20. Ng4 Bh3 21. Nxf6+ gxf6 22. e4 1-0

[Event "Early-Titled-Tuesday-Blitz-November-28-2023"]
[Site "Chess.com"]
[Date "2023.11.28"]
[Round "2"]
[White "Doomfist26"]
[Black "twitchTriniCupid"]
[Result "1-0"]
[WhiteElo "2628"]
[BlackElo "2372"]
[TimeControl "180+1"]
[EndTime "8:14:02 PST"]
[Termination "Doomfist26 won by resignation"]

1. d4 Nf6 2. c4 e6 3. Nf3 Bb4+ 4.
Bd2 Be7 5. g3 c5 6. dxc5 Na6 7.
Bg2 Nxc5 8. O-O O-O 9. Nc3 d6 10. Qc2 e5 11. Rfd1 Be6 12. b3 h6 13.
Rac1 Rc8 14. Qb1 a6 15. Be3 Qa5 16. b4 Qc7 17. bxc5 Bxc4 18. cxd6 Bxd6 19. Nd2 Ba3 20. Nxc4 Bxc1 21. Rxc1 Qxc4 22. Nd5 Qxc1+ 23. Bxc1 Nxd5 24. Bxd5 Rfd8 25. e4 1-0

[Event "Early-Titled-Tuesday-Blitz-November-28-2023"]
[Site "Chess.com"]
[Date "2023.11.28"]
[Round "2"]
[White "verrbaa"]
[Black "Saylormoon"]
[Result "1-0"]
[WhiteElo "2473"]
[BlackElo "2198"]
[TimeControl "180+1"]
[EndTime "8:14:04 PST"]
[Termination "verrbaa won by resignation"]

1. e4 d6 2. d4 Nf6 3. Nc3 e5 4. Nf3 Nbd7 5. Rg1 Be7 6. g4 h6 7.
Be3 c6 8. h4 Qc7 9. g5 hxg5 10.
hxg5 Nh5 11. g6 f6 12. Qd2 exd4 13. Nxd4 Ne5 14. Be2 c5 15. Nd5 Qd8 16. Nb5 Be6 17. Nbc7+ Kf8 18. Nxe6+ 1-0

[Event "Early-Titled-Tuesday-Blitz-November-28-2023"]
[Site "Chess.com"]
[Date "2023.11.28"]
[Round "2"]
[White "abc_xyz4744"]
[Black "Anton_Demchenko"]
[Result "0-1"]
[WhiteElo "2408"]
[BlackElo "2967"]
[TimeControl "180+1"]
[EndTime "8:14:10 PST"]
[Termination "Anton_Demchenko won by resignation"]

1. e4 e5 2. Nf3 Nc6 3. Bc4 Nf6 4.
d3 h6 5. O-O d6 6. c3 g5 7. Re1 Bg7 8. Nbd2 Nh5 9. Nf1 Nf4 10.
d4 g4 11. Nh4 Qxh4 12. g3 Nh3+ 13. Kg2 Qf6 14. Be3 Ng5 15. Nd2 Bd7 16. d5 Ne7 17. Be2 h5 18. c4 Ng6 19. c5 Nf4+ 20.
gxf4 exf4 21. Nc4 fxe3 22. Nxe3 Nh3 23. Rf1 Qf4 24. Nf5 Bxf5 25. exf5 Be5 0-1

[Event "Early-Titled-Tuesday-Blitz-November-28-2023"]
[Site "Chess.com"]
[Date "2023.11.28"]
[Round "2"]
[White "FMStan15"]
[Black "Casper"]
[Result "1-0"]
[WhiteElo "2060"]
[BlackElo "2415"]
[TimeControl "180+1"]
[EndTime "8:14:22 PST"]
[Termination "FMStan15 won by resignation"]

1. e4 c5 2. c3 d6 3. d4 cxd4 4. cxd4 g6 5. Bc4 Bg7 6. Nf3 Nf6 7. Qe2 O-O 8. O-O Nc6 9. h3 a6 10. a4 Bd7 11. Nc3 Rc8 12. Bd3 Qa5 13. e5 Nh5 14. g4 dxe5 15. gxh5 exd4 16. Ne4 Bxh3 17. Re1 Qxh5 18.
Nh2 Qd5 19. Qf3 Bf5 20. Nf6+ Bxf6 21. Qxd5 Bxd3 22. Qf3 Nb4 23. Bd2 1-0

[Event "Early-Titled-Tuesday-Blitz-November-28-2023"]
[Site "Chess.com"]
[Date "2023.11.28"]
[Round "2"]
[White "shimastream"]
[Black "FontVella8"]
[Result "1-0"]
[WhiteElo "2946"]
[BlackElo "2602"]
[TimeControl "180+1"]
[EndTime "8:14:26 PST"]
[Termination "shimastream won by resignation"]

1. e3 d5 2. c4 e6 3. Nf3 Nf6 4. b3 Bd6 5. Bb2 O-O 6. Nc3 c6 7. d4 Nbd7 8. Bd3 Qe7 9. O-O dxc4 10.
bxc4 e5 11. Qc2 Re8 12. Nd2 Nf8 13. Nce4 Nxe4 14. Nxe4 Bc7 15. Ng3 Qg5 16. Rae1 Bd7 17. dxe5 Bxe5 18. f4 Bxf4 19. exf4 Qc5+ 20. Qf2 Qd6 21. Rd1 Qh6 22. Bf5 1-0

[Event "Early-Titled-Tuesday-Blitz-November-28-2023"]
[Site "Chess.com"]
[Date "2023.11.28"]
[Round "2"]
[White "MatyChess1"]
[Black "Tsomaia_Nikoloz"]
[Result "1-0"]
[WhiteElo "2661"]
[BlackElo "2378"]
[TimeControl "180+1"]
[EndTime "8:14:27 PST"]
[Termination "MatyChess1 won by resignation"]

1. d4 Nf6 2. Bf4 c5 3. e3 b6 4. Qf3 d5 5. Nc3 Bg4 6. Qg3 Bd7 7. Be2 e6 8. O-O-O c4 9. e4 b5 10. exd5 exd5 11. Bf3 Bc6 12. Re1+ Ne4 13. Nxe4 dxe4 14. Bxe4 Be7 15. Bxb8 Bxe4 16. Rxe4 Rxb8 17. Qxg7 Rf8 18. Nf3 1-0

[Event "Early-Titled-Tuesday-Blitz-November-28-2023"]
[Site "Chess.com"]
[Date "2023.11.28"]
[Round "2"]
[White "TigrVShlyape"]
[Black "Auger_Pi"]
[Result "1-0"]
[WhiteElo "2984"]
[BlackElo "2617"]
[TimeControl "180+1"]
[EndTime "8:14:40 PST"]
[Termination "TigrVShlyape won by resignation"]

1. d4 d5 2. Bf4 Nf6 3. e3 Nc6 4. h3 Bf5 5. a3 e6 6. c4 a6 7. Nc3 Bd6 8. Bg5 Be7 9. Bxf6 Bxf6 10. cxd5 exd5 11. Qb3 O-O 12. Nf3 Be6 13. Bd3 b5 14. O-O Na5 15. Qc2 g6 16. Ne2 Rc8 17. a4 c5 18.
dxc5 b4 19. Bxa6 Rc7 20. Ned4 Qe7 21. c6 b3 22. Qc3 Nxc6 23. Nxc6 1-0

[Event "Early-Titled-Tuesday-Blitz-November-28-2023"]
[Site "Chess.com"]
[Date "2023.11.28"]
[Round "2"]
[White "vedantgoswami"]
[Black "RodokininEV"]
[Result "0-1"]
[WhiteElo "2310"]
[BlackElo "2603"]
[TimeControl "180+1"]
[EndTime "8:14:41 PST"]
[Termination "RodokininEV won by resignation"]

1. Nc3 Nf6 2. e4 d5 3. e5 d4 4. exf6 dxc3 5. fxg7 cxd2+ 6. Qxd2 Qxd2+ 7. Bxd2 Bxg7 8.
O-O-O O-O 9. Ne2 e5 10. Bc3 Nc6 11. f4 Bg4 12. fxe5 Rfe8 13. h3 Bh5 14. g4 Bg6 15. Nf4 Bh6 16. Bd2 Nxe5 17. Nxg6 Bxd2+ 18. Rxd2 hxg6 19. Bg2 c6 20. b3 Rad8 21. Rhd1 Rxd2 22. Rxd2 Kg7 23.
Kd1 g5 24. Re2 Kf6 25. b4 Re7 26. c3 Ng6 27. Rxe7 Kxe7 28. Kd2 Kd6 29. Ke3 Ke5 30. a4 Nf4 31. Bf1 Nd5+ 32. Kd3 b5 33. a5 a6 34. Kc2 Ne3+ 0-1

[Event "Early-Titled-Tuesday-Blitz-November-28-2023"]
[Site "Chess.com"]
[Date "2023.11.28"]
[Round "2"]
[White "margarita_2703"]
[Black "abykhovsky"]
[Result "1/2-1/2"]
[WhiteElo "2320"]
[BlackElo "2652"]
[TimeControl "180+1"]
[EndTime "8:14:42 PST"]
[Termination "Game drawn by repetition"]

1. e4 e6 2. d4 d5 3. e5 c5 4.
c3 Bd7 5. Nf3 Qb6 6. Bd3 Bb5 7.
dxc5 Bxc5 8. b4 Be7 9. Be3 Qa6 10. Bc2 Bc4 11. a4 Qc6 12. Bd4 Nd7 13. Nbd2 Nh6 14. Nxc4 Qxc4 15. Bd3 Qc7 16. O-O O-O 17. Qd2 Nb6 18. a5 Nc4 19. Qe2 a6 20. Bxc4 Qxc4 21. Qxc4 dxc4 22. Rad1 f6 23. Rfe1 Rad8 24. h3 Kf7 25.
Bb6 Rxd1 26. Rxd1 Ke8 27. Nd4 Kf7 28. Nf3 Ke8 29. Nd4 Kf7 30. Nf3 1/2-1/2

[Event "Early-Titled-Tuesday-Blitz-November-28-2023"]
[Site "Chess.com"]
[Date "2023.11.28"]
[Round "2"]
[White "lefonghua"]
[Black "spotbet"]
[Result "1-0"]
[WhiteElo "2718"]
[BlackElo "2433"]
[TimeControl "180+1"]
[EndTime "8:14:45 PST"]
[Termination "lefonghua won by resignation"]

1. d4 Nf6 2. c4 e6 3. Nc3 Bb4 4. f3 c5 5. a3 Bxc3+ 6. bxc3 d5 7. cxd5 exd5 8. e3 O-O 9. Bd3 Re8 10. Ne2 b6 11. O-O Ba6 12. Ng3 Bxd3 13. Qxd3 Nbd7 14. Bb2 Rc8 15. Rae1 Nf8 16. e4 cxd4 17. cxd4 Ne6 18. e5 Nd7 19. f4 b5 20. f5 Nef8 21. Qf3 Rc2 22. Bc1 Qb6 23. Be3 Rc3 24. Qxd5 Nxe5 25.
Bf2 Rd8 26. Qxe5 Rxa3 27. d5 Qd6 28. Qxd6 Rxd6 29. Bc5 1-0

[Event "Early-Titled-Tuesday-Blitz-November-28-2023"]
[Site "Chess.com"]
[Date "2023.11.28"]
[Round "2"]
[White "LileKoridze"]
[Black "djokovic74"]
[Result "0-1"]
[WhiteElo "2368"]
[BlackElo "2703"]
[TimeControl "180+1"]
[EndTime "8:14:52 PST"]
[Termination "djokovic74 won by resignation"]

1. d4 e6 2. c4 Nf6 3. Nf3 Bb4+ 4. Bd2 Qe7 5. a3 Bxd2+ 6. Qxd2 b6 7. Nc3 Bb7 8. d5 d6 9. g3 O-O 10. Bg2 a5 11.
O-O a4 12. e4 Nbd7 13. Rfe1 e5 14. Nh4 Nc5 15. Rad1 Bc8 16. Nf5 Bxf5 17. exf5 Qd7 18. Qc2 Nb3 19. h3 Nd4 20. Qd3 Nxf5 21. Be4 Nxe4 22.
Nxe4 Nd4 23. Kh2 f5 24. Nc3 f4 25. gxf4 Rxf4 26. Ne4 Rf3 27. Qd2 Qxh3+ 0-1

[Event "Early-Titled-Tuesday-Blitz-November-28-2023"]
[Site "Chess.com"]
[Date "2023.11.28"]
[Round "2"]
[White "Andrii_Prydun"]
[Black "GmSergioBarrientos"]
[Result "0-1"]
[WhiteElo "2379"]
[BlackElo "2659"]
[TimeControl "180+1"]
[EndTime "8:14:58 PST"]
[Termination "GmSergioBarrientos won by resignation"]

1. e4 c6 2. d4 d5 3. e5 Bf5 4. Bd3 Bxd3 5. cxd3 e6 6. Nc3 c5 7. dxc5 Bxc5 8. d4 Bb4 9. Nf3 Nc6 10. O-O Nge7 11.
Ne2 O-O 12. Be3 Rc8 13. Rc1 Nf5 14. Qd3 Be7 15. Qb5 Qd7 16. Qb3 Na5 17. Qd3 Nc4 18. Rc2 Ncxe3 19. fxe3 Rxc2 20. Qxc2 Nxe3 21. Qd3 Nxf1 22.
Kxf1 Rc8 23. Ne1 Qa4 24. a3 Qc4 25. Qb1 f6 26. Nd3 Qc2 27. Qxc2 Rxc2 28. Ke1 fxe5 29.
dxe5 Rc4 30. Nef4 Kf7 31. Ke2 g5 32. Nh3 h5 33. Nhf2 g4 34. Kd1 Bg5 35. h3 g3 36.
Nh1 h4 0-1

[Event "Early-Titled-Tuesday-Blitz-November-28-2023"]
[Site "Chess.com"]
[Date "2023.11.28"]
[Round "2"]
[White "stollenmonster"]
[Black "KononenkoD"]
[Result "1-0"]
[WhiteElo "2892"]
[BlackElo "2505"]
[TimeControl "180+1"]
[EndTime "8:15:02 PST"]
[Termination "stollenmonster won by resignation"]

1. e4 c6 2. d4 d5 3. e5 Bf5 4. Ne2 e6 5. Ng3 Bg6 6. h4 h5 7. Bd3 Bxd3 8. cxd3 Be7 9. Nxh5 g6 10. Nf4 Rxh4 11. Rxh4 Bxh4 12. Kf1 Nd7 13. Be3 Qe7 14. Nd2 O-O-O 15. g4 Bg5 16. Nf3 Nh6 17. Nxg5 Qxg5 18. Nxe6 Qh4 19. Nxd8 Qh3+ 20. Ke2 Kxd8 21. f3 Qg2+ 22.
Bf2 f5 23. Qh1 Qxh1 24. Rxh1 Ng8 25. Rh8 1-0

[Event "Early-Titled-Tuesday-Blitz-November-28-2023"]
[Site "Chess.com"]
[Date "2023.11.28"]
[Round "2"]
[White "Narek_Ghimoyan"]
[Black "HATilay"]
[Result "1-0"]
[WhiteElo "2292"]
[BlackElo "2493"]
[TimeControl "180+1"]
[EndTime "8:15:10 PST"]
[Termination "Narek_Ghimoyan won by resignation"]

1. d4 Nf6 2. c4 e6 3. Nf3 d5 4.
Nc3 Nbd7 5. Bf4 Bb4 6. e3 c5 7.
Be2 O-O 8. O-O Re8 9. Nb5 Nh5 10.
Bc7 Qf6 11. a3 cxd4 12. axb4 dxe3 13. fxe3 dxc4 14. Qd4 e5 15. Qd6 Re6 16. Qd2 Qh6 17.
Bxc4 Rf6 18. Nxe5 1-0

[Event "Early-Titled-Tuesday-Blitz-November-28-2023"]
[Site "Chess.com"]
[Date "2023.11.28"]
[Round "2"]
[White "jaskol95"]
[Black "LuisFSiles"]
[Result "1-0"]
[WhiteElo "2529"]
[BlackElo "2335"]
[TimeControl "180+1"]
[EndTime "8:15:11 PST"]
[Termination "jaskol95 won by resignation"]

1. e4 c5 2. Nf3 Nc6 3. b4 cxb4 4.
d4 d5 5. exd5 Qxd5 6. c4 bxc3 7.
Nxc3 Qa5 8. Rb1 e5 9. d5 Bb4 10. dxc6 Bxc3+ 11. Bd2 Bxd2+ 12. Nxd2 bxc6 13. Bc4 Ba6 14.
O-O Rd8 15. Qh5 g6 16. Qf3 Bxc4 17. Qxc6+ Kf8 18. Nxc4 Qxa2 19. Rb7 Ne7 20. Qc5 Re8 21. Nd6 Qd5 22. Qxd5 Nxd5 23. Nxe8 Kxe8 24. Rb8+ 1-0

[Event "Early-Titled-Tuesday-Blitz-November-28-2023"]
[Site "Chess.com"]
[Date "2023.11.28"]
[Round "2"]
[White "Aygehovit1992"]
[Black "AlexTruskavetsky"]
[Result "1-0"]
[WhiteElo "2724"]
[BlackElo "2434"]
[TimeControl "180+1"]
[EndTime "8:15:17 PST"]
[Termination "Aygehovit1992 won by resignation"]

1. e4 c5 2. Nc3 Nc6 3. Bb5 Nd4 4.
Nf3 Nxb5 5. Nxb5 a6 6. Nc3 b5 7. d4 cxd4 8. Qxd4 Bb7 9. Bg5 d6 10. O-O-O Qc7 11. Nd5 Bxd5 12. exd5 h6 13. Bh4 Rc8 14. Rd2 Qa5 15. a3 Rc4 16. Qa7 Rc8 17. Re1 g5 18. Bg3 Kd8 19. Nd4 Qc7 20. Nc6+ Kd7 21.
Qxa6 Ke8 22. Bxd6 Qd7 23. Ne5 exd6 24. Nxd7+ Kxd7 25. Qxb5+ Kc7 26. Rd4 Ne7 27. Rc4+ Kd8 28. Qb6+ Kd7 29. Qb7+ Kd8 30. Rxe7 1-0

[Event "Early-Titled-Tuesday-Blitz-November-28-2023"]
[Site "Chess.com"]
[Date "2023.11.28"]
[Round "2"]
[White "AryanTari"]
[Black "LouieKov2022"]
[Result "1-0"]
[WhiteElo "2965"]
[BlackElo "2610"]
[TimeControl "180+1"]
[EndTime "8:15:22 PST"]
[Termination "AryanTari won by resignation"]

1. e4 c5 2. Nf3 d6 3. d4 cxd4 4. Nxd4 Nf6 5. Nc3 a6 6. Bd2 e5 7.
Nb3 Be7 8. h3 Be6 9. g4 h6 10.
Bg2 Nbd7 11. Be3 Rc8 12. Qd2 b5 13. a4 b4 14. Nd5 Bxd5 15. exd5 Qc7 16. O-O Qxc2 17.
Rfc1 Qxb3 18. Rxc8+ Bd8 19. Rc6 Nb8 20. Rxd6 Bc7 21.
Rxf6 gxf6 22. d6 Bd8 23. Bd5 1-0

[Event "Early-Titled-Tuesday-Blitz-November-28-2023"]
[Site "Chess.com"]
[Date "2023.11.28"]
[Round "2"]
[White "50Tugrik"]
[Black "The_Machine04"]
[Result "0-1"]
[WhiteElo "2374"]
[BlackElo "2642"]
[TimeControl "180+1"]
[EndTime "8:15:22 PST"]
[Termination "The_Machine04 won by resignation"]

1. d4 d6 2. c4 e5 3. Nc3 exd4 4.
Qxd4 Nc6 5. Qd1 g6 6. Nf3 Bg7 7. h4 Nf6 8. e3 O-O 9. Be2 Re8 10. O-O Bf5 11. a3 Ne4 12. Nd5 Ne7 13. Nf4 h5 14. Bd3 Nc6 15. Ra2 Ne5 16. Bxe4 Bxe4 17. Nxe5 dxe5 18. Ne2 Qxh4 19. Ng3 Bc6 20. b3 Rad8 21. Rd2 Rxd2 22. Qxd2 Rd8 23. Qe2 Qg4 24. Re1 Qxe2 25.
Nxe2 Be4 26. b4 Bd3 27. Rd1 Bf6 0-1

[Event "Early-Titled-Tuesday-Blitz-November-28-2023"]
[Site "Chess.com"]
[Date "2023.11.28"]
[Round "2"]
[White "Alexei_Gubajdullin"]
[Black "Arimin1329"]
[Result "1-0"]
[WhiteElo "2674"]
[BlackElo "2370"]
[TimeControl "180+1"]
[EndTime "8:15:23 PST"]
[Termination "Alexei_Gubajdullin won by resignation"]

1. d4 Nf6 2. Nf3 b6 3. Bf4 Bb7 4. e3 e6 5. h3 c5 6. Be2 d5 7. O-O Bd6 8. Bxd6 Qxd6 9. Ne5 Nbd7 10. f4 Ne4 11. Nd2 Ndf6 12. Bb5+ Ke7 13. Nxe4 Nxe4 14. Qg4 g6 15. Qh4+ f6 16. Bd3 cxd4 17. exd4 Qb4 18.
Bxe4 Qxd4+ 19. Kh1 Qxe4 20. Rae1 Qf5 21. Rf2 Rac8 22.
g4 g5 23. Qh5 Rxc2 24. Qf7+ Kd6 25. gxf5 1-0

[Event "Early-Titled-Tuesday-Blitz-November-28-2023"]
[Site "Chess.com"]
[Date "2023.11.28"]
[Round "2"]
[White "SaqoChess_Twitch"]
[Black "Magila31"]
[Result "1-0"]
[WhiteElo "2617"]
[BlackElo "2356"]
[TimeControl "180+1"]
[EndTime "8:15:24 PST"]
[Termination "SaqoChess_Twitch won by resignation"]

1. d4 Nf6 2. c4 g6 3. Nc3 Bg7 4. Nf3 O-O 5. Bg5 c5 6. d5 d6 7. e3 e6 8. Be2 exd5 9. cxd5 Na6 10.
O-O Nc7 11. a4 b6 12. e4 h6 13. Bf4 Bb7 14. h3 Re8 15. Bd3 a6 16. Qd2 g5 17.
Bh2 b5 18. axb5 axb5 19. Rxa8 Bxa8 20. Nxb5 Nxe4 21. Bxe4 Nxb5 22. Bb1 Nc7 23. Ba2 Qf6 24. b4 cxb4 25. Qxb4 Nxd5 26. Qxd6 Qxd6 27. Bxd6 Nc3 28. Bc4 Bxf3 29. gxf3 Ne2+ 30. Kg2 Nf4+ 31. Bxf4 gxf4 32.
Rb1 Rc8 33. Bd5 Rc2 34. Rb8+ Kh7 35. Be4+ 1-0

[Event "Early-Titled-Tuesday-Blitz-November-28-2023"]
[Site "Chess.com"]
[Date "2023.11.28"]
[Round "2"]
[White "esrosenberg"]
[Black "belisarius64"]
[Result "0-1"]
[WhiteElo "2407"]
[BlackElo "2710"]
[TimeControl "180+1"]
[EndTime "8:15:26 PST"]
[Termination "belisarius64 won by resignation"]

1. d4 d5 2. Nf3 Nf6 3. g3 Bf5 4. c4 e6 5. Nc3 c6 6. Qb3 Qb6 7.
c5 Qxb3 8. axb3 h6 9. b4 Be7 10.
b5 O-O 11. b4 cxb5 12. Nxb5 Nc6 13. Bd2 Ne4 14. Ra4 Bf6 15. e3 Nxd2 16. Kxd2 Be4 17.
Bg2 e5 18. Nd6 exd4 19. Nxe4 dxe3+ 20. Kxe3 dxe4 21. Kxe4 Rfe8+ 22. Kd3 Rad8+ 0-1